AoeStats
← Traiano86

Black Forest

509205454Analyzed
4v4 RM · 6d ago on Sep 25, 2026· 51m 56s· 8 players
Game mode
Random Map
Map size
Large (8 player)
Population
200
Speed
Normal
Resources
Standard
Victory
Conquest
Starting age
Dark Age
Ending age
Imperial Age
RankedLock teamsTeams togetherTeam positionsShared explorationLock speedFull tech treeHidden civsTurbo modeCheats
Victory
Defeat
🇮🇳 Franks · India
827
+15
🇹🇷 Goths · Türkiye
783
+17
🇹🇷 Bulgarians · Türkiye
768
+17
🇹🇷 Italians · Türkiye
730
+19
🇮🇹 Bulgarians · Italy
895
-22
🇮🇹 Magyars · Italy
870
-59
🇮🇹 Franks · Italy
712
-13
🇮🇹 Romans · Italy
710
-13
IlSindaco
11:41 Feudal Age
21:50 Castle Age
20:27 Double-Bit Axe
33:10 Imperial Age
31:21 Wheelbarrow
31:15 Pikeman
31:55 Squires
33:43 Halberdier
36:15 Husbandry
37:11 Cavalier
39:05 Scale Barding Armor
39:11 Forging
Traiano86
14:56 Feudal Age
22:53 Castle Age
21:44 Man-at-Arms
23:04 Wheelbarrow
22:22 Double-Bit Axe
23:28 Town Watch
27:37 Hand Cart
35:12 Imperial Age
33:51 Pikeman
33:52 Long Swordsman
34:33 Squires
34:40 Stone Mining
37:29 Legionary
39:53 Halberdier
42:12 Forging
42:04 Scale Mail Armor
41:58 Fletching
42:14 Scale Barding Armor
42:24 Murder Holes
42:41 Masonry
43:19 Conscription
44:32 Comitatenses
44:47 Caravan
LeadSlug
0:33 Loom
13:15 Feudal Age
16:02 Arson
19:46 Forging
20:04 Horse Collar
21:16 Scale Mail Armor
22:26 Double-Bit Axe
28:36 Castle Age
29:32 Chain Mail Armor
29:42 Squires
31:13 Gambesons
31:36 Scale Barding Armor
31:34 Stone Mining
40:13 Imperial Age
38:16 Heavy Plow
39:50 Iron Casting
FaroKill3r
18:22 Feudal Age
26:49 Castle Age
27:08 Scale Barding Armor
27:05 Scale Mail Armor
29:36 Chain Barding Armor
36:34 Husbandry
36:47 Bloodlines
39:55 Pikeman
42:36 Corvinian Army
MHPL
0:26 Loom
14:07 Feudal Age
15:26 Double-Bit Axe
15:23 Horse Collar
32:08 Castle Age
39:48 Wheelbarrow
38:58 Town Watch
41:51 Imperial Age
40:19 Town Watch
41:30 Hand Cart
41:16 Town Patrol
46:01 Bow Saw
45:52 Heavy Plow
50:30 Capped Ram
50:31 Onager
50:33 Heavy Scorpion
51:12 Gold Mining
51:12 Stone Mining
51:55 Crop Rotation
51:37 Forging
51:27 Scale Mail Armor
51:32 Scale Barding Armor
51:28 Padded Archer Armor
51:18 Fletching
51:30 Caravan
52:00 Coinage
51:17 Fishing Lines
51:27 Siege Ram
52:27 Stirrups
52:33 Bagains
52:53 Conscription
RİGBY
0:28 Loom
14:08 Feudal Age
14:33 Horse Collar
14:58 Double-Bit Axe
16:34 Gold Mining
16:35 Stone Mining
24:45 Castle Age
25:06 Wheelbarrow
24:46 Forging
24:36 Scale Mail Armor
24:01 Man-at-Arms
25:41 Heavy Plow
25:55 Bow Saw
26:38 Stone Shaft Mining
26:42 Iron Casting
27:49 Squires
27:11 Pikeman
28:08 Chain Mail Armor
28:11 Treadmill Crane
28:51 Ballistics
28:49 Anarchy
29:17 Hand Cart
30:09 Murder Holes
34:23 Imperial Age
34:48 Halberdier
36:05 Crop Rotation
36:40 Two-Man Saw
37:29 Conscription
37:23 Caravan
40:03 Elite Huskarl
41:37 Perfusion
42:58 Chemistry
42:17 Heavy Scorpion
44:41 Blast Furnace
Mordecai
0:28 Loom
11:24 Feudal Age
12:14 Double-Bit Axe
12:13 Horse Collar
17:19 Man-at-Arms
20:24 Scale Mail Armor
21:57 Forging
29:06 Gold Mining
31:47 Castle Age
30:52 Padded Archer Armor
30:42 Fletching
30:59 Scale Barding Armor
31:38 Stone Mining
33:45 Wheelbarrow
33:23 Pikeman
34:04 Squires
34:08 Heavy Plow
34:21 Bow Saw
36:27 Stone Shaft Mining
36:12 Leather Archer Armor
35:54 Bodkin Arrow
36:35 Iron Casting
39:21 Chain Mail Armor
39:59 Silk Road
41:14 Ballistics
43:14 Hand Cart
45:33 Imperial Age
46:00 Elite Genoese Crossbowman
47:17 Hoardings
49:05 Two-Man Saw
48:38 Crop Rotation
48:42 Conscription
xxbysnipxx
11:56 Feudal Age
16:37 Castle Age
17:22 Wheelbarrow
31:05 Imperial Age
29:26 Hand Cart
30:42 Husbandry
30:53 Scale Barding Armor
31:00 Forging
31:18 Cavalier
32:11 Gold Mining
32:15 Stone Mining
32:55 Paladin
34:53 Chivalry
36:06 Conscription
36:28 Chain Barding Armor
36:26 Double-Bit Axe
38:37 Gold Shaft Mining
38:45 Iron Casting
38:46 Plate Barding Armor
Connection lost

Rejoining the realm…

Still unreachable

The connection could not be restored.

Session expired

The server has moved on; the page needs a fresh start.